[Event "Titled Tuesday Blitz August 08 Late 2023"]
[White "Moral Garcia, Serafin"]
[Black "Pinto, Daniel"]
[WhiteFideId "2201925"]
[BlackFideId "3303144"]
[WhiteElo "2575"]
[BlackElo "2422"]
[Result "0-1"]
[Round "7"]
[TimeControl "180+1"]
[Date "2023.08.08"]
[WhiteClock "0:00:08"]
[BlackClock "0:00:03"]
[Board "63"]

1. c4 c5 2. Nc3 Nc6 3. g3 g6 4. Bg2 Bg7 5. a3 a5 6. d3 e5 7. Nf3 Nge7 8. O-O O-O 9. Ne1 d6 10. Nc2 Be6 11. Ne3 Rb8 12. Ned5 h6 13. Rb1 f5 14. b4 axb4 15. axb4 b6 16. Qa4 Nxb4 17. Nxb4 cxb4 18. Rxb4 d5 19. cxd5 Nxd5 20. Nxd5 Bxd5 21. Bxd5+ Qxd5 22. Qb3 Qxb3 23. Rxb3 Rfc8 24. Be3 b5 25. Rfb1 Rc2 26. Kf1 g5 27. f3 e4 28. dxe4 fxe4 29. f4 Rc3 30. Kf2 Rxb3 31. Rxb3 Bf6 32. fxg5 hxg5 33. Rb4 Kf7 34. Bc1 Rc8 35. Be3 Rb8 36. g4 Be7 37. Rxe4 b4 38. Bd4 b3 39. Re3 b2 40. Rf3+ Kg6 41. Bxb2 Rxb2 42. Kf1 Bd6 43. h3 Be5 44. Rf5 Bf4 45. h4 Rb1+ 46. Kg2 Rb3 47. hxg5 Bxg5 48. Kf2 Bh4+ 49. Kf1 Rg3 50. Rf4 Bg5 51. Rc4 Be3 52. Rc6+ Kg5 53. Ke1 Rg1# 0-1


[Site "https://www.chess.com"]

[Event "Titled Tuesday Blitz August 08 Late 2023"]
[White "Harshavardhan G B"]
[Black "Jovic, Stanoje"]
[WhiteFideId "25059009"]
[BlackFideId "905020"]
[WhiteElo "2818"]
[BlackElo "2491"]
[Result "1-0"]
[Round "7"]
[TimeControl "180+1"]
[Date "2023.08.08"]
[WhiteClock "0:01:09"]
[BlackClock "0:00:00"]
[Board "64"]

1. e4 c6 2. Nf3 d5 3. exd5 cxd5 4. Ne5 g6 5. d4 f6 6. Bb5+ Nd7 7. Nxd7 Bxd7 8. Bxd7+ Qxd7 9. O-O Nh6 10. Nc3 Nf7 11. Qf3 Rd8 12. Re1 Bg7 13. Qe2 O-O 14. Qe6 Qxe6 15. Rxe6 Rd7 16. Bf4 Nd8 17. Re2 Nc6 18. Rd1 Kf7 19. h3 Rc8 20. Na4 b6 21. c3 e5 22. dxe5 fxe5 23. Bg3 Na5 24. b3 b5 25. Nb2 Rxc3 26. Bxe5 Bxe5 27. Rxe5 Rc2 28. Nd3 Rxa2 29. Nc5 Re7 30. Rexd5 Ree2 31. Rd7+ Kf6 32. Rxa7 h5 33. h4 b4 34. Rd6+ Ke5 35. Re6+ Kd4 36. Rxe2 Ra1+ 37. Kh2 Kxc5 38. Re5+ Kb6 39. Raxa5 Rxa5 40. Rxa5 Kxa5 41. Kg3 Kb5 42. Kf4 Kc5 43. Ke5 Kc6 44. Kd4 1-0


[Site "https://www.chess.com"]

[Event "Titled Tuesday Blitz August 08 Late 2023"]
[White "Luczak, Filip"]
[Black "Aradhya, Garg"]
[WhiteFideId "1193686"]
[BlackFideId "25006746"]
[WhiteElo "2484"]
[BlackElo "2731"]
[Result "0-1"]
[Round "7"]
[TimeControl "180+1"]
[Date "2023.08.08"]
[WhiteClock "0:00:07"]
[BlackClock "0:00:07"]
[Board "65"]

1. Nf3 d5 2. c4 d4 3. b4 c5 4. bxc5 Nc6 5. g3 e5 6. d3 Bxc5 7. Bg2 Nge7 8. O-O O-O 9. Nbd2 Ng6 10. a4 Rb8 11. Ba3 Bxa3 12. Rxa3 b6 13. Nb3 Qe7 14. Qa1 Rd8 15. a5 b5 16. cxb5 Rxb5 17. Rc1 Nb4 18. Nfd2 Be6 19. a6 Nd5 20. Na5 Qd7 21. Nb7 Rb8 22. Ne4 Qe7 23. Ra5 Rb6 24. h4 h6 25. Rac5 f5 26. Ned6 Nc3 27. R5xc3 dxc3 28. Nc4 Rb3 29. Rxc3 Rxc3 30. Qxc3 Rc8 31. Qa5 Qc7 32. Qxc7 Rxc7 33. Ncd6 Ne7 34. Nb5 Rc1+ 35. Kh2 Ra1 36. Nc5 Ra5 37. Nxe6 Rxb5 38. Nc7 Rb6 39. Bb7 Kf7 40. e3 g5 41. d4 gxh4 42. gxh4 exd4 43. exd4 Rb2 44. Kg3 Ng6 45. d5 Ke7 46. h5 Ne5 47. Kf4 Nc4 48. Kxf5 Nd6+ 49. Kg6 Nxb7 50. axb7 Rxb7 51. Ne6 a5 52. Kxh6 a4 53. Nc5 Rb6+ 54. Kg5 a3 55. h6 a2 56. d6+ Kxd6 57. Ne4+ Ke7 58. Nc3 a1=Q 59. Nd5+ Kf7 60. Nxb6 Qf6+ 61. Kg4 Qg6+ 62. Kf3 Qxb6 63. Kg3 Qg6+ 0-1


[Site "https://www.chess.com"]

[Event "Titled Tuesday Blitz August 08 Late 2023"]
[White "Sadilek, Peter"]
[Black "Tejedor Fuente, Enrique"]
[WhiteFideId "1616439"]
[BlackFideId "2299100"]
[WhiteElo "2482"]
[BlackElo "2727"]
[Result "0-1"]
[Round "7"]
[TimeControl "180+1"]
[Date "2023.08.08"]
[WhiteClock "0:01:23"]
[BlackClock "0:01:56"]
[Board "66"]

1. c4 b6 2. Nf3 Bb7 3. g3 Bxf3 4. exf3 c5 5. d4 cxd4 6. Qxd4 Nc6 7. Qd1 e6 8. Bg2 g6 9. Bd2 Bg7 10. Bc3 Nf6 11. O-O O-O 12. f4 d5 13. cxd5 Nxd5 14. Bxg7 Kxg7 15. Nd2 Rc8 16. Rc1 Nce7 17. Qa4 Rxc1 18. Rxc1 Qb8 19. Qd4+ Nf6 20. Ne4 Ng8 21. g4 Qxf4 22. Rc3 e5 23. Qb4 0-1


[Site "https://www.chess.com"]

[Event "Titled Tuesday Blitz August 08 Late 2023"]
[White "Gaal, Zsoka"]
[Black "Alex_Sahakyan2006"]
[WhiteFideId "777765"]
[WhiteElo "2482"]
[BlackElo "2705"]
[Result "0-1"]
[Round "7"]
[TimeControl "180+1"]
[Date "2023.08.08"]
[WhiteClock "0:01:20"]
[BlackClock "0:01:57"]
[Board "67"]

1. Nf3 d5 2. g3 Bg4 3. Bg2 Nd7 4. O-O e6 5. h3 Bxf3 6. Bxf3 Ngf6 7. c4 c6 8. cxd5 exd5 9. d3 Bc5 10. Nc3 Qc7 11. Bf4 Bd6 12. Bd2 O-O 13. Rc1 Qb6 14. Qc2 Rfe8 15. e4 dxe4 16. dxe4 Ne5 17. Be2 Rad8 18. Be3 Bc5 19. Na4 Bxe3 20. Nxb6 Bxb6 21. Rcd1 Rc8 22. Kg2 h6 23. f4 Ng6 24. Bf3 h5 25. e5 Nd5 26. Bxd5 cxd5 27. Qf5 h4 28. Rxd5 hxg3 29. Rd7 Nh4+ 0-1


[Site "https://www.chess.com"]

[Event "Titled Tuesday Blitz August 08 Late 2023"]
[White "ChessSG1"]
[Black "Jimenez Martinez, Jose Vicente"]
[BlackFideId "2264021"]
[WhiteElo "2475"]
[BlackElo "2692"]
[Result "0-1"]
[Round "7"]
[TimeControl "180+1"]
[Date "2023.08.08"]
[WhiteClock "0:00:03"]
[BlackClock "0:01:44"]
[Board "69"]

1. c4 g6 2. Nf3 d6 3. d4 Bg7 4. g3 Nf6 5. Nc3 O-O 6. Bg2 Nc6 7. O-O e5 8. dxe5 Nxe5 9. Nxe5 dxe5 10. Qxd8 Rxd8 11. Bg5 Rd4 12. Be3 Rd7 13. h3 c6 14. Rac1 Rd8 15. Na4 Nd7 16. Bg5 f6 17. Be3 Bf8 18. Rfd1 Kf7 19. c5 Be7 20. b4 Nf8 21. Nb2 Be6 22. Nc4 Rxd1+ 23. Rxd1 Bxc4 24. Rd2 Rd8 25. Rc2 Bd5 26. f3 Ne6 27. Bf2 Nd4 28. Rd2 Bc4 29. Bf1 Nb5 30. Rc2 Be6 31. a4 Nd4 32. Rb2 Rd7 33. Kg2 a5 34. bxa5 Bxc5 35. e3 Nb3 36. a6 bxa6 37. Bxa6 Ra7 38. Bd3 Rxa4 39. Bc2 Rb4 40. Be1 Rb5 41. Bd3 Rb6 42. Kf2 Nc1 43. Rxb6 Nxd3+ 44. Ke2 Nc1+ 45. Kd1 Bxb6 46. Kxc1 Bxe3+ 47. Kd1 Bd5 0-1


[Site "https://www.chess.com"]

[Event "Titled Tuesday Blitz August 08 Late 2023"]
[White "Hoang, Thi Bao Tram"]
[Black "Ljukin, Sergei"]
[WhiteFideId "12401102"]
[BlackFideId "14102200"]
[WhiteElo "2664"]
[BlackElo "2470"]
[Result "1-0"]
[Round "7"]
[TimeControl "180+1"]
[Date "2023.08.08"]
[WhiteClock "0:00:52"]
[BlackClock "0:01:08"]
[Board "70"]

1. Nf3 d5 2. g3 Nc6 3. d4 Bg4 4. Bg2 Qd7 5. h3 Bxf3 6. Bxf3 O-O-O 7. c3 e5 8. dxe5 Nxe5 9. Bg2 Nf6 10. O-O Ne4 11. Nd2 f5 12. Nxe4 fxe4 13. Bf4 Qe6 14. Qa4 Bc5 15. Rad1 Kb8 16. Qb5 Bb6 17. a4 a6 18. Qb4 h6 19. b3 Nc6 20. Qxb6 Rd7 21. Qc5 1-0


[Site "https://www.chess.com"]

[Event "Titled Tuesday Blitz August 08 Late 2023"]
[White "Fisher_TheGalactic"]
[Black "Cheer_Down"]
[WhiteElo "2646"]
[BlackElo "2473"]
[Result "1-0"]
[Round "7"]
[TimeControl "180+1"]
[Date "2023.08.08"]
[WhiteClock "0:01:44"]
[BlackClock "0:01:27"]
[Board "71"]

1. e4 e5 2. Nf3 Nc6 3. Bb5 a6 4. Ba4 Nf6 5. O-O Be7 6. Nc3 b5 7. Bb3 d6 8. Re1 Bg4 9. h3 Bxf3 10. Qxf3 Nd4 11. Qd1 O-O 12. d3 a5 13. a4 b4 14. Nd5 Nxb3 15. cxb3 Nxd5 16. exd5 c5 17. dxc6 Rc8 18. Qf3 Qb6 19. d4 Qxc6 20. Qxc6 Rxc6 21. dxe5 Rfc8 22. exd6 Bxd6 23. Be3 Be5 24. Rac1 Bxb2 25. Rxc6 Rxc6 26. Bd4 Rc1 27. Rxc1 Bxc1 28. Bb6 f5 29. Bxa5 Bd2 30. Bb6 Kf7 31. a5 Ke6 32. a6 Kd7 33. a7 1-0


[Site "https://www.chess.com"]

[Event "Titled Tuesday Blitz August 08 Late 2023"]
[White "Salemgareev, Tagir"]
[Black "KrokerGuy"]
[WhiteFideId "24199052"]
[WhiteElo "2639"]
[BlackElo "2469"]
[Result "1-0"]
[Round "7"]
[TimeControl "180+1"]
[Date "2023.08.08"]
[WhiteClock "0:00:22"]
[BlackClock "0:00:01"]
[Board "72"]

1. d4 d5 2. c4 e6 3. Nf3 Nf6 4. Nc3 Bb4 5. Bg5 h6 6. Bxf6 Qxf6 7. e3 O-O 8. Qb3 Bxc3+ 9. Qxc3 dxc4 10. Bxc4 b6 11. O-O Bb7 12. Be2 Rc8 13. b4 c5 14. bxc5 Rxc5 15. Qb3 Rc8 16. a4 Nc6 17. Rfc1 Na5 18. Qb4 Qd8 19. h3 Rc7 20. Ne5 Rac8 21. Rxc7 Rxc7 22. Qa3 Nc6 23. Nc4 Ba6 24. Rc1 Na5 25. Nxa5 Bxe2 26. Nc6 Qd7 27. Ne5 Qc8 28. Rxc7 Qxc7 29. Qb3 Ba6 30. Qd1 Bb7 31. Qg4 Qd6 32. Qh5 Qe7 33. Qd1 Qc7 34. h4 f6 35. Ng6 Be4 36. Nf4 e5 37. dxe5 Qxe5 38. Qd8+ Kh7 39. h5 Bf5 40. Qa8 Qc7 41. Qe8 Qd7 42. Qb8 Qxa4 43. Kh2 Qd7 44. f3 Bc2 45. e4 f5 46. Ng6 fxe4 47. Qh8# 1-0


[Site "https://www.chess.com"]

[Event "Titled Tuesday Blitz August 08 Late 2023"]
[White "Arabidze, Meri"]
[Black "Arnold, Ken"]
[WhiteFideId "13604040"]
[BlackFideId "2056836"]
[WhiteElo "2604"]
[BlackElo "2464"]
[Result "1/2-1/2"]
[Round "7"]
[TimeControl "180+1"]
[Date "2023.08.08"]
[WhiteClock "0:00:09"]
[BlackClock "0:00:05"]
[Board "73"]

1. d4 Nf6 2. c4 e6 3. Nf3 b6 4. g3 Bb7 5. Bg2 Be7 6. O-O O-O 7. Bf4 d5 8. cxd5 Nxd5 9. Bd2 a5 10. Nc3 Nxc3 11. bxc3 Nd7 12. Qc2 Nf6 13. c4 Be4 14. Qb2 Qc8 15. Bh3 Qa6 16. Rac1 Rfd8 17. Rfd1 h6 18. Bf1 Bb4 19. a3 Bxd2 20. Nxd2 Bc6 21. e3 Qb7 22. Be2 Ne4 23. Nxe4 Bxe4 24. c5 Bh1 25. Bf1 Bf3 26. Rd2 Rab8 27. Qc3 bxc5 28. Qxc5 Rd5 29. Qc2 Rc8 30. Rb1 Qa7 31. Qc3 c5 32. Rb5 Rcd8 33. Rdb2 cxd4 34. exd4 Be4 35. Rxd5 Bxd5 36. Qc5 Qd7 37. Qxa5 Bc6 38. Qc5 Qd5 39. Qxd5 Bxd5 40. a4 Be4 41. Rb4 Ra8 42. Bb5 Kf8 43. f4 Ke7 44. Kf2 Kd6 45. Ke3 Bc6 46. Kd3 Bxb5+ 47. axb5 Ra1 48. b6 Ra8 49. Kc4 Kc6 50. f5 Rb8 51. fxe6 fxe6 52. b7 Rxb7 53. Rxb7 Kxb7 54. d5 Kc7 55. Kc5 exd5 56. Kxd5 Kd7 57. h4 Ke7 58. Ke5 Kf7 59. Kf5 g6+ 60. Ke5 Ke7 61. g4 Kf7 62. Kf4 Kf6 63. g5+ hxg5+ 64. hxg5+ Ke6 65. Ke4 Kd6 66. Kd4 Ke6 67. Ke4 Kd6 68. Kd4 Ke6 69. Ke4 1/2-1/2


[Site "https://www.chess.com"]

[Event "Titled Tuesday Blitz August 08 Late 2023"]
[White "Vovk, Orest"]
[Black "Chen, Max"]
[WhiteFideId "14113490"]
[BlackFideId "2622440"]
[WhiteElo "2462"]
[BlackElo "2582"]
[Result "1-0"]
[Round "7"]
[TimeControl "180+1"]
[Date "2023.08.08"]
[WhiteClock "0:00:29"]
[BlackClock "0:00:04"]
[Board "74"]

1. g4 d5 2. Bg2 Bxg4 3. c4 c6 4. Qb3 Qd7 5. cxd5 cxd5 6. Bxd5 Be6 7. Bxe6 fxe6 8. Nf3 Nc6 9. Nc3 Nf6 10. d3 O-O-O 11. Be3 Kb8 12. Bf4+ Ka8 13. Ne5 Nxe5 14. Bxe5 Nd5 15. Nb5 Rc8 16. e4 Nb6 17. Ke2 Rg8 18. Rhc1 a6 19. a4 g6 20. a5 Rxc1 21. Rxc1 Nc8 22. Rxc8+ Qxc8 23. Nc7+ Kb8 24. Qb6 Bg7 25. Nb5+ Bxe5 26. Qa7# 1-0


[Site "https://www.chess.com"]

[Event "Titled Tuesday Blitz August 08 Late 2023"]
[White "Vlassov, Nikolai"]
[Black "Kubatko, Ivan"]
[WhiteFideId "4103360"]
[BlackFideId "24111473"]
[WhiteElo "2580"]
[BlackElo "2456"]
[Result "1-0"]
[Round "7"]
[TimeControl "180+1"]
[Date "2023.08.08"]
[WhiteClock "0:00:21"]
[BlackClock "0:00:04"]
[Board "75"]

1. e4 d5 2. exd5 Qxd5 3. Nf3 Nf6 4. d4 Bg4 5. Be2 Nc6 6. Be3 O-O-O 7. c4 Qf5 8. Nbd2 e6 9. O-O h5 10. a3 h4 11. h3 Bxf3 12. Nxf3 Bc5 13. b4 Bxd4 14. Bxd4 e5 15. Bd3 Qd7 16. Bxe5 Qxd3 17. b5 Qxd1 18. Rfxd1 Rxd1+ 19. Rxd1 Nxe5 20. Nxe5 Rf8 21. Rd4 g5 22. f4 gxf4 23. Rxf4 Nd7 24. Nxd7 Kxd7 25. Rxh4 Kd6 26. Rh5 f5 27. Kf2 Kc5 28. Rh7 Rc8 29. Rf7 Kxc4 30. Rxf5 a5 31. bxa6 bxa6 32. h4 Kb3 33. Ra5 Ra8 34. g4 Kc4 35. Kg3 c5 36. g5 Re8 37. Rxa6 Re1 38. h5 Rg1+ 39. Kf4 Rh1 40. h6 Kb3 41. Kf5 c4 42. Kg6 c3 43. Rc6 Rh4 44. h7 c2 45. Rxc2 Kxc2 46. Kg7 Kb3 47. h8=Q Rh7+ 48. Qxh7 1-0


[Site "https://www.chess.com"]

[Event "Titled Tuesday Blitz August 08 Late 2023"]
[White "Kielinkei"]
[Black "Deng, Henry"]
[BlackFideId "30965454"]
[WhiteElo "2449"]
[BlackElo "2574"]
[Result "0-1"]
[Round "7"]
[TimeControl "180+1"]
[Date "2023.08.08"]
[WhiteClock "0:01:34"]
[BlackClock "0:02:38"]
[Board "76"]

1. c4 c6 2. d4 d5 3. c5 e5 4. e3 exd4 5. exd4 b6 6. cxb6 axb6 7. Nf3 Nf6 8. Be2 Be7 9. O-O O-O 10. Nc3 Bf5 11. Bf4 h6 12. h3 Nbd7 13. Ne5 Nxe5 14. Bxe5 Nd7 15. Bh2 Re8 16. Bd3 Be6 17. Re1 Bf6 18. Bc2 g6 19. Bf4 Bg7 20. Qd2 Kh7 21. h4 h5 22. b4 Qxh4 23. Bg3 Qxd4 0-1


[Site "https://www.chess.com"]

[Event "Titled Tuesday Blitz August 08 Late 2023"]
[White "Veiga, Jose Francisco R P Neves"]
[Black "Bogaudinov, Rushan"]
[WhiteFideId "1930087"]
[BlackFideId "4129288"]
[WhiteElo "2569"]
[BlackElo "2434"]
[Result "1-0"]
[Round "7"]
[TimeControl "180+1"]
[Date "2023.08.08"]
[WhiteClock "0:01:27"]
[BlackClock "0:00:32"]
[Board "77"]

1. e4 c5 2. Nf3 Nc6 3. d4 cxd4 4. Nxd4 e6 5. Nc3 a6 6. Nxc6 bxc6 7. Bd3 d5 8. O-O Nf6 9. Qe2 Be7 10. b3 O-O 11. Bb2 d4 12. Nb1 e5 13. Nd2 Bd6 14. Nc4 Bc7 15. f4 exf4 16. e5 Re8 17. Rae1 Ng4 18. Qe4 Qh4 19. Qxf4 Be6 20. h3 g5 21. Qe4 Bd5 22. Qxg4 Qxg4 23. hxg4 c5 24. Ba3 Rac8 25. Bxc5 Bxc4 26. Bxc4 Bxe5 27. Bxf7+ Kg7 28. Bxe8 Rxc5 29. Rf5 1-0


[Site "https://www.chess.com"]

[Event "Titled Tuesday Blitz August 08 Late 2023"]
[White "Przybylski, Wojciech"]
[Black "Ladan, Nicholas"]
[WhiteFideId "1117599"]
[BlackFideId "30918855"]
[WhiteElo "2561"]
[BlackElo "2431"]
[Result "1-0"]
[Round "7"]
[TimeControl "180+1"]
[Date "2023.08.08"]
[WhiteClock "0:00:47"]
[BlackClock "0:00:00"]
[Board "78"]

1. d4 d5 2. Nf3 c5 3. Bf4 Nc6 4. e3 Qb6 5. Nc3 cxd4 6. Nb5 e5 7. Bxe5 Nxe5 8. Nxe5 dxe3 9. fxe3 Qxe3+ 10. Qe2 Bb4+ 11. c3 Qxe2+ 12. Bxe2 Ba5 13. Nd6+ Ke7 14. Ndxf7 Bc7 15. O-O Bxe5 16. Nxe5 Nf6 17. Rae1 Be6 18. Bd3 Rhe8 19. Bb5 Rf8 20. Nf3 a6 21. Bd3 Rae8 22. Ng5 Kd6 23. Nxh7 Nxh7 24. Bxh7 Rxf1+ 25. Rxf1 d4 26. Rd1 Bxa2 27. Rxd4+ 1-0


[Site "https://www.chess.com"]

[Event "Titled Tuesday Blitz August 08 Late 2023"]
[White "Karas, Marek"]
[Black "Santos Flores, Alberto"]
[WhiteFideId "14928558"]
[BlackFideId "3601234"]
[WhiteElo "2429"]
[BlackElo "2546"]
[Result "0-1"]
[Round "7"]
[TimeControl "180+1"]
[Date "2023.08.08"]
[WhiteClock "0:00:09"]
[BlackClock "0:00:07"]
[Board "79"]

1. e4 e6 2. d4 d5 3. Nc3 Nf6 4. Bg5 Bb4 5. exd5 Qxd5 6. Bxf6 Bxc3+ 7. bxc3 gxf6 8. Nf3 b6 9. Bd3 Bb7 10. Qe2 Nd7 11. c4 Qh5 12. d5 O-O-O 13. dxe6 fxe6 14. Be4 Nc5 15. Bxb7+ Kxb7 16. O-O Rhg8 17. Rad1 Qg4 18. g3 h5 19. Rxd8 Rxd8 20. Rd1 Rxd1+ 21. Qxd1 Qxc4 22. a3 Qd5 23. Qxd5+ exd5 24. Kf1 Nd7 25. Nd2 c5 26. f3 f5 27. h3 Nf6 28. Ke2 d4 29. Nc4 Kc6 30. Kd3 b5 31. Ne5+ Kd5 32. Ng6 c4+ 33. Kd2 a5 34. Nf4+ Ke5 35. Ng6+ Kd6 36. Nh4 Ke6 37. Ng6 b4 38. axb4 axb4 39. Nf4+ Kd6 40. h4 d3 41. cxd3 c3+ 42. Kc2 Kc5 43. Ne2 Nd5 44. Kb3 Ne3 45. d4+ Kb5 46. Nxc3+ bxc3 47. Kxc3 Nd5+ 48. Kb3 Kc6 49. Kc4 Kd6 50. Kd3 Ke6 51. g4 fxg4 52. fxg4 hxg4 53. Ke4 Nf6+ 54. Kf4 Kf7 55. d5 Kg6 56. d6 Kh5 57. Kf5 Nd7 58. Ke6 g3 59. Kxd7 g2 60. Ke7 g1=Q 61. d7 Qe3+ 62. Kd6 Qd4+ 63. Ke7 Qxh4+ 64. Kd6 Qd4+ 65. Ke7 Qe5+ 66. Kf7 Qd6 67. Ke8 Qe6+ 68. Kd8 Kg5 69. Kc7 Qc4+ 70. Kd6 Qd4+ 71. Ke7 Qe5+ 72. Kf7 Qd6 73. Ke8 Qe6+ 74. Kd8 Kf6 75. Kc7 Qc4+ 76. Kd6 Qd4+ 77. Kc7 Qc5+ 78. Kd8 Ke6 79. Ke8 Qe7# 0-1


[Site "https://www.chess.com"]

[Event "Titled Tuesday Blitz August 08 Late 2023"]
[White "Bueno, Alfeu Junior Varela"]
[Black "Slaby, Jerzy"]
[WhiteFideId "2108879"]
[BlackFideId "1121405"]
[WhiteElo "2420"]
[BlackElo "2545"]
[Result "1-0"]
[Round "7"]
[TimeControl "180+1"]
[Date "2023.08.08"]
[WhiteClock "0:00:06"]
[BlackClock "0:00:09"]
[Board "80"]

1. e4 c5 2. Nc3 Nc6 3. f4 e6 4. Nf3 Nge7 5. Bb5 a6 6. Bxc6 Nxc6 7. d3 d5 8. O-O Be7 9. Qe1 d4 10. Ne2 O-O 11. a3 f5 12. Kh1 b5 13. Bd2 Bb7 14. Ng3 g6 15. exf5 exf5 16. Qe6+ Rf7 17. Rae1 Qd6 18. Ng5 Qxe6 19. Nxe6 Nd8 20. Ng5 Bxg5 21. fxg5 Nc6 22. Bf4 Rd8 23. Re6 c4 24. Rfe1 c3 25. b3 Rfd7 26. h4 Kf7 27. Rf6+ Kg7 28. Rfe6 a5 29. h5 Kf7 30. Rf6+ Kg7 31. h6+ Kg8 32. Rfe6 b4 33. a4 Kf7 34. Rf6+ Kg8 35. Rfe6 Na7 36. Kg1 Bd5 37. Re7 Nc6 38. Rxd7 Rxd7 39. Re8+ Kf7 40. Rh8 Ke6 41. Ne2 Re7 42. Kf2 Kd7 43. g3 Bg2 44. Bc1 Bh3 45. Nf4 Bg4 46. Rg8 Ne5 47. Ra8 Bd1 48. Rxa5 Ng4+ 49. Kg2 Bxc2 50. Rd5+ Kc6 51. Rxd4 Bxb3 52. Rxb4 Bf7 53. a5 Kc5 54. Rb8 Ra7 55. Rc8+ Kd6 56. Ba3+ Kd7 57. Bb4 Ne5 58. Rxc3 Bd5+ 59. Nxd5 Ng4 60. Nb6+ Ke6 61. Kf3 Ne5+ 62. Kf4 Nf7 63. Ke3 Ne5 64. Kd4 Ng4 65. Kc5 Rc7+ 66. Kd4 Rb7 67. Rc6+ Kf7 68. Kc5 Ne3 69. Kd6 Nd1 70. Rc7+ Rxc7 71. Kxc7 Nb2 72. a6 Nxd3 73. Bd6 Nb4 74. a7 Na6+ 75. Kb7 Nc5+ 76. Bxc5 1-0


[Site "https://www.chess.com"]

[Event "Titled Tuesday Blitz August 08 Late 2023"]
[White "littlepinkyboy"]
[Black "Janaszak, Dawid"]
[BlackFideId "1119206"]
[WhiteElo "2416"]
[BlackElo "2540"]
[Result "1-0"]
[Round "7"]
[TimeControl "180+1"]
[Date "2023.08.08"]
[WhiteClock "0:00:13"]
[BlackClock "0:00:09"]
[Board "81"]

1. e4 e5 2. Nf3 Nc6 3. Bb5 a6 4. Ba4 Nf6 5. O-O d6 6. d4 b5 7. Bb3 Nxd4 8. Nxd4 exd4 9. a4 Rb8 10. axb5 axb5 11. Qxd4 Be7 12. Nc3 O-O 13. Qd1 Bg4 14. f3 Be6 15. Nd5 Nd7 16. Be3 c6 17. Nxe7+ Qxe7 18. Bxe6 Qxe6 19. Ra7 f5 20. Bf4 Ne5 21. exf5 Rxf5 22. Bg3 Nc4 23. Re1 Qd5 24. Qxd5+ Rxd5 25. Ree7 Rg5 26. b3 Nd2 27. Bf4 Nxf3+ 28. Kf2 Rf8 29. Kxf3 Rg6 30. g3 h5 31. Ke3 h4 32. Rad7 hxg3 33. hxg3 Rff6 34. Re8+ Kh7 35. Rdd8 Rg4 36. Bxd6 Rf1 37. Bf4 Rc1 38. Kf3 Rxf4+ 39. Kxf4 Rxc2 40. Rh8+ Kg6 41. Rd6+ Kf7 42. Rc8 Rc3 43. Rcxc6 Rxb3 44. Rc7+ Kg8 45. Rd8+ Kh7 46. Rdd7 Rb4+ 47. Kg5 Rb3 48. Rxg7+ Kh8 49. Kh6 1-0


[Site "https://www.chess.com"]

[Event "Titled Tuesday Blitz August 08 Late 2023"]
[White "ArtemDyachuk"]
[Black "Romero Ruscalleda, Josep"]
[BlackFideId "2231859"]
[WhiteElo "2533"]
[BlackElo "2414"]
[Result "1-0"]
[Round "7"]
[TimeControl "180+1"]
[Date "2023.08.08"]
[WhiteClock "0:01:27"]
[BlackClock "0:00:00"]
[Board "82"]

1. e4 g6 2. d4 Bg7 3. Nc3 d6 4. Be3 a6 5. Qd2 b5 6. a4 b4 7. Nd5 a5 8. c3 bxc3 9. Nxc3 Nf6 10. Bc4 O-O 11. f3 Ba6 12. Bxa6 Nxa6 13. Nge2 Nb4 14. O-O Rc8 15. Rfd1 Nd7 16. Bh6 c5 17. Bxg7 Kxg7 18. Rac1 cxd4 19. Nxd4 Qb6 20. Nb5 e5 21. Rxc8 Rxc8 22. Nxd6 Rc2 23. Qg5 exd4 24. Qe7 d3+ 25. Kh1 Qf2 26. Qxf7+ Kh6 27. Qf4+ g5 28. Nf5+ Kg6 29. Qd6+ Nf6 30. Rg1 d2 31. e5 Qxg1+ 32. Kxg1 Rc1+ 33. Kf2 Nd3+ 34. Kg3 Nxe5 35. Qxd2 Nh5+ 36. Kf2 Kxf5 37. g4+ Ke6 38. gxh5 Rc6 39. Qxa5 Rc2+ 40. Kg3 Rxb2 41. Qa6+ Kf5 42. Qh6 1-0


[Site "https://www.chess.com"]

[Event "Titled Tuesday Blitz August 08 Late 2023"]
[White "Lacey, Patrick"]
[Black "Grossboss19"]
[WhiteFideId "2032007"]
[WhiteElo "2414"]
[BlackElo "2526"]
[Result "0-1"]
[Round "7"]
[TimeControl "180+1"]
[Date "2023.08.08"]
[WhiteClock "0:00:00"]
[BlackClock "0:00:06"]
[Board "83"]

1. Nf3 d5 2. c4 d4 3. b4 f6 4. e3 dxe3 5. fxe3 e5 6. a3 a5 7. b5 c5 8. Qc2 Bd6 9. Bd3 g6 10. O-O Ne7 11. Nc3 O-O 12. Be4 Nd7 13. Nd5 Nxd5 14. Bxd5+ Kg7 15. d4 exd4 16. exd4 Nb6 17. Qe4 Bf5 18. Qh4 h5 19. Bxb7 Ra7 20. Bc6 Nxc4 21. dxc5 Bxc5+ 22. Kh1 Qd3 23. Bf4 Ne3 24. Bxe3 Qxe3 25. Rfe1 Qf2 26. Qc4 Bb6 27. Rac1 Rc7 28. Re2 Bd3 29. Qxd3 Rd8 30. Qc4 Qc5 31. Qxc5 Bxc5 32. Rxc5 Rd1+ 33. Re1 Rd3 34. Rd5 Rxa3 35. Rd7+ Rxd7 36. Bxd7 Rb3 37. Bc6 a4 38. h4 a3 0-1


[Site "https://www.chess.com"]

[Event "Titled Tuesday Blitz August 08 Late 2023"]
[White "Bettalli, Francesco"]
[Black "Slovineanu, Viacheslav"]
[WhiteFideId "2816453"]
[BlackFideId "13900510"]
[WhiteElo "2525"]
[BlackElo "2413"]
[Result "1-0"]
[Round "7"]
[TimeControl "180+1"]
[Date "2023.08.08"]
[WhiteClock "0:00:45"]
[BlackClock "0:00:01"]
[Board "84"]

1. e4 e6 2. d4 d5 3. Nc3 Bb4 4. exd5 Bxc3+ 5. bxc3 exd5 6. Bd3 Nf6 7. Nf3 Bg4 8. h3 Bh5 9. O-O Bg6 10. Ba3 Ne4 11. Re1 f6 12. c4 c6 13. cxd5 cxd5 14. Nh4 Kf7 15. Nxg6 hxg6 16. Rxe4 dxe4 17. Bc4+ Ke8 18. Qg4 Qd7 19. Be6 Qc7 20. Qxe4 Kd8 21. Qd5+ Nd7 22. Re1 Qc6 23. Be7+ Kc8 24. Qb3 Kc7 25. Re3 Rae8 26. Rc3 Rxe7 27. d5 Qxc3 28. Qxc3+ Kb8 29. Qb4 Rhe8 30. Qd6+ Kc8 31. c4 Rxe6 32. dxe6 Ne5 33. f4 Nc6 34. Qd7+ Kb8 35. Qxe8+ 1-0


[Site "https://www.chess.com"]

[Event "Titled Tuesday Blitz August 08 Late 2023"]
[White "ElDivis"]
[Black "KorolDimitriy75"]
[WhiteElo "2518"]
[BlackElo "2408"]
[Result "1/2-1/2"]
[Round "7"]
[TimeControl "180+1"]
[Date "2023.08.08"]
[WhiteClock "0:00:36"]
[BlackClock "0:00:03"]
[Board "85"]

1. Nf3 c5 2. e4 d6 3. d4 cxd4 4. Nxd4 Nf6 5. Nc3 g6 6. Be3 Bg7 7. f3 O-O 8. Qd2 Nc6 9. Nb3 a5 10. Bb5 Be6 11. O-O-O Na7 12. Ba4 Qc7 13. Kb1 Rfb8 14. Nb5 Nxb5 15. Bxb5 a4 16. Nd4 Bc4 17. Qb4 Rc8 18. Bxc4 Qxc4 19. Qxc4 Rxc4 20. Nb5 Nd7 21. c3 h5 22. Bd4 Bxd4 23. Rxd4 Rac8 24. Rhd1 Kg7 25. Na3 Rxd4 26. Rxd4 Nc5 27. Rb4 Kf6 28. Nc2 h4 29. Ne3 Ke6 30. Rc4 f6 31. b4 axb3 32. axb3 Ra8 33. b4 Nd7 34. Rc7 Rb8 35. Nd5 b5 36. Kb2 Re8 37. f4 f5 38. exf5+ gxf5 39. Ne3 Rg8 40. Kc2 Nf6 41. Kd3 Nd5 42. Nxd5 Kxd5 43. Rxe7 Rxg2 44. h3 Rg3+ 45. Kc2 Rxh3 46. Rb7 Kc6 47. Rf7 Rf3 48. Rxf5 h3 49. Rh5 Rxf4 50. Rxh3 Rf2+ 51. Kb3 Rf5 52. Rh8 Rf3 53. Rc8+ Kb6 54. Rb8+ Kc6 55. Rc8+ Kb6 56. Rh8 Kc6 57. Rh4 Kb6 58. Rd4 Kc6 59. Rd2 Rg3 60. Rc2 Rf3 61. Rc1 Rg3 62. Kc2 Rf3 63. Kb3 Rg3 64. Rd1 Rf3 65. Rd4 Rg3 66. Rd2 1/2-1/2


[Site "https://www.chess.com"]

[Event "Titled Tuesday Blitz August 08 Late 2023"]
[White "Chor, Kevin"]
[Black "Mazurkiewicz, Michal"]
[WhiteFideId "2090740"]
[BlackFideId "1124943"]
[WhiteElo "2516"]
[BlackElo "2407"]
[Result "1-0"]
[Round "7"]
[TimeControl "180+1"]
[Date "2023.08.08"]
[WhiteClock "0:00:18"]
[BlackClock "0:00:00"]
[Board "86"]

1. e4 d6 2. d4 Nf6 3. Nc3 c6 4. f4 Qb6 5. e5 Nd5 6. Ne4 dxe5 7. fxe5 Bf5 8. Ng3 Bg6 9. a3 e6 10. c4 Nc7 11. h4 h6 12. h5 Bh7 13. c5 Bxc5 14. dxc5 Qxc5 15. Nf3 Nd7 16. Bf4 Nd5 17. Rc1 Qb6 18. Qd2 Nc5 19. Bc4 O-O-O 20. b4 Nd3+ 21. Bxd3 Bxd3 22. Rc5 Bb5 23. Kf2 Qa6 24. Rhc1 Kb8 25. Ne4 Qxa3 26. Nd6 Qxb4 27. Rxd5 1-0


[Site "https://www.chess.com"]